AoeStats
← Rey de Copas

Nomad

510392337Analyzed
4v4 RM · 1d ago on Sep 30, 2026· 30m 13s· 8 players
Game mode
Random Map
Map size
231×231
Population
200
Speed
Normal
Resources
Standard
Victory
Conquest
Starting age
Dark Age
Ending age
Imperial Age
RankedLock teamsTeams togetherTeam positionsShared explorationLock speedFull tech treeHidden civsTurbo modeCheats
Victory
Defeat
🇦🇷 Franks · Argentina
1234
+13
🇹🇼 Dravidians · Taiwan
1173
+16
🇪🇸 Danes · Spain
1158
+16
🇪🇸 Tatars · Spain
1156
+16
🇲🇽 Shu · Mexico
1173
-16
🇹🇷 Dravidians · Türkiye
1169
-15
🇲🇽 Vietnamese · Mexico
1160
-15
🇺🇸 Malians · United States
1153
-15
Klingsor
3:56 Loom
15:22 Feudal Age
18:25 Gold Mining
20:40 Fletching
22:59 Castle Age
20:46 Horse Collar
20:58 Stone Mining
21:59 Fishing Lines
23:58 Double-Bit Axe
25:15 Bow Saw
30:15 Imperial Age
28:14 Ballistics
Zizzle4879
3:25 Loom
14:19 Feudal Age
20:04 Castle Age
18:41 Double-Bit Axe
22:06 Horse Collar
22:34 Stone Mining
22:35 Gold Mining
25:41 Man-at-Arms
Rey de Copas
3:26 Loom
13:55 Feudal Age
18:39 Castle Age
17:59 Fletching
20:40 Medium Warships
Trickle
4:47 Loom
14:24 Feudal Age
15:03 Double-Bit Axe
17:01 Fletching
18:12 Horse Collar
20:44 Castle Age
19:48 Padded Archer Armor
21:26 Bodkin Arrow
20:52 Elite Skirmisher
23:21 Bow Saw
28:22 Ballistics
Jambo
4:35 Loom
13:12 Feudal Age
17:17 Castle Age
16:56 Scale Mail Armor
17:06 Forging
18:11 Fishing Lines
19:37 Chain Mail Armor
20:00 Iron Casting
21:07 Squires
23:29 Fletching
23:51 Horse Collar
24:14 Arson
24:55 Heavy Plow
31:08 Wheelbarrow
Bolea99
13:53 Feudal Age
16:00 Gold Mining
16:14 Fletching
18:51 Castle Age
20:55 Loom
27:48 Wheelbarrow
KZA
9:47 Loom
15:19 Feudal Age
20:01 Castle Age
19:54 Double-Bit Axe
20:20 Scale Barding Armor
20:25 Forging
24:11 Iron Casting
nicebro
3:25 Loom
13:56 Feudal Age
20:20 Castle Age
18:14 Fletching
20:06 Padded Archer Armor
20:02 Gold Mining
20:35 Double-Bit Axe
21:12 Medium Warships
21:31 Bodkin Arrow
23:40 Careening
23:41 Clinker Construction
24:39 Stone Mining
25:12 Bow Saw
27:31 Ballistics
30:55 Wheelbarrow
30:05 Town Watch
Connection lost

Rejoining the realm…

Still unreachable

The connection could not be restored.

Session expired

The server has moved on; the page needs a fresh start.